 Dungeon Crawl Stone Soup version 0.25-a0-1126-g5fd7b56c60 (webtiles) character file.

Game seed: 15620428102387765995, levelgen mode: deterministic

2627 Majang the Chopper (level 9, -3/70 HPs)
             Began as a Mummy Fighter on May 19, 2020.
             Was an Initiate of Gozag.
             Slain by a troll (8 damage)
             ... on level 8 of the Dungeon.
             The game lasted 00:27:40 (8986 turns).

Majang the Chopper (Mummy Fighter)                  Turns: 8986, Time: 00:27:42

Health: -3/70      AC: 10    Str: 22    XL:     9   Next: 35%
Magic:  11/11      EV:  9    Int:  8    God:    Gozag
Gold:   467        SH:  9    Dex: 11    Spells: 8/8 levels left

rFire    x . .     SeeInvis .   a - +0 war axe
rCold    + . .     Gourm    .   c - +0 kite shield
rNeg     + + +     Faith    .   b - +0 scale mail
rPois    ∞         Spirit   .   m - +1 helmet
rElec    .         Reflect  .   p - +0 cloak {Stlth+}
rCorr    .         Harm     .   (no gloves)
MR       +....                  (no boots)
Stlth    ..........             (no amulet)
HPRegen  0.21/turn              (no ring)
MPRegen  0.12/turn              (no ring)

@: mighty, stab
A: no food or potions, fire vulnerability, cold resistance 1, negative energy
resistance 3, torment resistance, unbreathing
a: Potion Petition, Call Merchant, Bribe Branch, Renounce Religion


You were on level 8 of the Dungeon.
You worshipped Gozag.
Gozag was aware of your devotion.
You were not hungry.

You visited 2 branches of the dungeon, and saw 9 of its levels.

You collected 739 gold pieces.
You paid 272 gold pieces to Gozag.

Inventory:

Hand Weapons
 a - a +0 war axe (weapon)
 r - a +1 whip of freezing
Missiles
 k - 52 bolts
 l - 73 sling bullets
 n - 4 boomerangs of dispersal (quivered)
Armour
 b - a +0 scale mail (worn)
 c - a +0 kite shield (worn)
 m - a +1 helmet (worn)
 p - a +0 cloak of stealth (worn)
Jewellery
 g - a +4 ring of slaying {unknown}
 t - a +6 ring of strength
Scrolls
 d - 14 scrolls of identify
 e - 2 scrolls of enchant armour
 f - 3 scrolls of remove curse
 h - 3 scrolls of amnesia
 i - a scroll of fear
 j - a scroll of vulnerability {unknown}
 q - a scroll of enchant weapon {unknown}
 s - a scroll of teleportation
 u - a scroll of fog


   Skills:
 + Level 6.3 Fighting
 * Level 6.9 Axes
 + Level 4.2 Armour
 + Level 3.2 Dodging
 + Level 4.2 Shields
   Level 2.8 Evocations


You had 8 spell levels left.
You didn't know any spells.
Your spell library was empty.

Dungeon Overview and Level Annotations

Branches:
Dungeon (8/15)             Temple (1/1) D:4
   Lair: D:8-11

Altars:
Ashenzari
Cheibriados
Dithmenos
Elyvilon
Fedhas
Gozag
Hepliaklqana
Kikubaaqudgha
Nemelex Xobeh
Qazlal
Ru
Sif Muna
Trog
Vehumet
Wu Jian
Xom
Yredelemnul
Zin
The Shining One

Annotations:
D:8 Erica


Innate Abilities, Weirdness & Mutations

You do not eat or drink.
Your flesh is vulnerable to fire.
You are immune to poison.
Your flesh is cold resistant. (rC+)
You are immune to negative energy. (rN+++)
You are immune to unholy pain and torment.
You can survive without breathing.


Message History

The troll is heavily wounded.
You hit the crimson imp but do no damage.
The crimson imp closely misses you. The troll bites you!
You block the troll's attack. The troll claws you but does no damage.
You hit the troll.
The troll is heavily wounded.
You miss the crimson imp. The crimson imp closely misses you.
The troll bites you!
* * * LOW HITPOINT WARNING * * *
The troll claws you!
* * * LOW HITPOINT WARNING * * *
The troll barely misses you. [a] - 240 gold - might and stabbing [b] - 464 gold - invisibility, stabbing and might [c] - 660 gold - resistance, invisibility and stabbing Purchase which effect?
You feel very mighty all of a sudden.
You feel ready to backstab. You block the crimson imp's attack.
The troll bites you!
You die...
Your body crumbles into a pile of gold.

#<# #....#
###.#########.##.#
#.............##%#
#.#.#########.##.#
##.#.# #....# .....#
###.## .#.### #..# .#.#
#5## .#.# #####@# #..#
#...T.# .########
#.###.#
...........#.###(#####.
.#########.............#
.# #............####.###
.# #.#######T...(.. .#
#.# #.####### .# #.# #.#


You could see a troll and a crimson imp.

Vanquished Creatures
  Pikel (D:5)
  Prince Ribbit (D:7)
  Grinder (D:5)
  Eustachio (D:5)
  2 ice beasts
  A sky beast (D:5)
  3 slaves (D:5)
  An ogre (D:7)
  A centaur (D:7)
  A big kobold (D:8)
  Blork the orc (D:5)
  2 bullfrogs
  3 scorpions
  2 wights (D:7)
  A quasit (D:6)
  2 bullfrog zombies
  A centaur skeleton (D:4)
  2 orc priests
  Crazy Yiuf (D:3)
  2 orc wizards
  2 hounds
  3 iguanas
  A worker ant (D:5)
  2 hound zombies
  Robin (D:3)
  4 adders
  5 shadow imps
  3 adder skeletons
  8 worms
  2 dart slugs
  7 leopard geckos
  18 orcs
  4 bats
  4 giant cockroaches
  16 goblins
  11 hobgoblins
  6 jackals
  13 kobolds
  2 quokkas (D:3)
  4 ball pythons
  2 frilled lizards
  A quokka skeleton (D:6)
  13 rats
162 creatures vanquished.

Notes
Turn   | Place    | Note
-------+----------+-------------------------------------------
     0 | D:1      | Majang the Mummy Fighter began the quest for the Orb.
     0 | D:1      | Reached XP level 1. HP: 18/18 MP: 1/1
   240 | D:1      | Reached XP level 2. HP: 22/24 MP: 2/2
   374 | D:1      | Found a shadowy altar of Dithmenos.
   376 | D:1      | Found a shimmering altar of Xom.
   376 | D:1      | Found a white marble altar of Elyvilon.
   378 | D:1      | Found a shimmering altar of Xom.
   378 | D:1      | Found a blossoming altar of Fedhas.
   378 | D:1      | Found a shattered altar of Ashenzari.
  1004 | D:2      | Reached XP level 3. HP: 28/29 MP: 3/3
  1046 | D:2      | Found a basalt altar of Yredelemnul.
  1123 | D:2      | Found a glowing silver altar of Zin.
  1412 | D:2      | Noticed a moth of wrath
  1415 | D:2      | Found a bloodstained altar of Trog.
  1895 | D:2      | Reached XP level 4. HP: 32/37 MP: 4/4
  2176 | D:3      | Noticed Robin
  2201 | D:3      | Killed Robin
  2971 | D:3      | Reached XP level 5. HP: 33/42 MP: 5/5
  3678 | D:3      | Found a runed translucent door.
  3679 | D:3      | Noticed Crazy Yiuf
  3686 | D:3      | HP: 2/42 [Crazy Yiuf/+4 quarterstaff of chaos (15)]
  3689 | D:3      | Killed Crazy Yiuf
  4007 | D:4      | Found a staircase to the Ecumenical Temple.
  4021 | Temple   | Entered the Ecumenical Temple
  4079 | Temple   | Became a worshipper of Gozag Ym Sagoz the Greedy
  4274 | D:4      | You fall into a shaft and drop 1 floor!
  4274 | D:5      | Entered Level 5 of the Dungeon
  4506 | D:3      | Reached XP level 6. HP: 35/49 MP: 6/6
  5225 | D:5      | Found a shadowy altar of Dithmenos.
  5290 | D:5      | Noticed a sky beast
  5325 | D:5      | Killed a sky beast
  5568 | D:5      | Found a shattered altar of Ashenzari.
  5676 | D:5      | Noticed Grinder
  5685 | D:5      | Killed Grinder
  5685 | D:5      | Reached skill level 5 in Fighting
  5685 | D:5      | Reached skill level 5 in Axes
  5685 | D:5      | Reached skill level 1 in Dodging
  5685 | D:5      | Reached skill level 1 in Evocations
  5685 | D:5      | Reached XP level 7. HP: 47/56 MP: 7/7
  5732 | D:5      | Found an ornate altar of the Wu Jian Council.
  5831 | D:5      | Noticed Eustachio
  5858 | D:5      | Killed Eustachio
  5876 | D:5      | Noticed Blork the orc
  5887 | D:5      | Killed Blork the orc
  6404 | D:6      | Reached XP level 8. HP: 42/62 MP: 9/9
  6959 | D:6      | Found a sparkling altar of Nemelex Xobeh.
  6985 | D:6      | Noticed Pikel
  7137 | D:5      | Killed Pikel
  7696 | D:7      | Reached XP level 9. HP: 68/69 MP: 11/11
  7985 | D:7      | Noticed Prince Ribbit
  8026 | D:7      | Killed Prince Ribbit
  8472 | D:8      | Noticed Erica
  8969 | D:8      | Noticed a troll
  8986 | D:8      | Slain by a troll

Illustrated notes

Levels and vault maps discovered:
D:1:      dpeg_arrival_erosion, layout_basic, doesnt_xom_only_xom
D:2:      layout_basic, zin_scriptorium, old_standard_altar, tgw_trog,
          roderic_nine_men_s_morris
D:3:      kennysheep_six_static_rooms, layout_basic, hangedman_decor_growths,
          kennysheep_generic_room_13, uniq_robin, uniq_crazy_yiuf_cottage
D:4:      layout_rooms, minmay_temple_entry_stoned_glass
D:5:      layout_loops_ring, evilmike_ruin_ashenzari,
          lemuel_coloured_pillars_altar, overflow_temple_1_default,
          first_ration, minmay_misc_feat_chi, uniq_blork_the_orc,
          uniq_eustachio, uniq_grinder
D:6:      layout_gridville, nemelex_xobeh_ov_fountains_minmay, uniq_pikel
D:7:      layout_gridville, uniq_prince_ribbit1
D:8:      layout_loops_ring, lemuel_crystal_altar, blue_anna_alchemist
          [blue_anna_fruit_fields, blue_anna_fruit_fields], uniq_erica
Temple:   grunt_temple_mini_profane

Skill      XL: |  1  2  3  4  5  6  7  8  9 |
---------------+----------------------------+-----
Axes           | 2 3 4 5 6 |  6.9
Fighting       | 4 5 6 |  6.3
Dodging        | 1 2 3 |  3.2
Evocations     | 1 2 |  2.8
Shields        | 3 4 |  4.2
Armour         | 3 4 |  4.2

Action                   |  1- 3 |  4- 6 |  7- 9 || total
-------------------------+-------+-------+-------++-------
Melee: War axe           |    97 |   261 |   302 ||   660
Invok: Potion Petition   |       |       |     2 ||     2
Evoke: Wand              |       |     3 |     5 ||     8
  Use: Scroll            |       |    10 |       ||    10
 Stab: Distracted        |       |       |     1 ||     1
Armor: Scale mail        |    35 |   100 |   189 ||   324
Dodge: Dodged            |    25 |    75 |   120 ||   220
Block: Kite shield       |    51 |   118 |   181 ||   350

Table legend:
 A = Non-vault XP
 B = Vault XP
 C = Vault XP percentage of total XP
 D = Non-vault monster count
 E = Vault monster count
 F = Vault count percentage of total count
                 A         B        C        D         E       F
            +---------+---------+-------+---------+---------+-------
      Total |    2177 |    1577 |  42.0 |     129 |      30 |  18.9
            +---------+---------+-------+---------+---------+-------
        D:1 |      26 |       0 |   0.0 |      13 |       0 |   0.0
        D:2 |      67 |       9 |  11.8 |      19 |       5 |  20.8
        D:3 |      98 |      94 |  49.0 |      27 |      20 |  42.6
        D:4 |     140 |       0 |   0.0 |       9 |       0 |   0.0
        D:5 |     182 |    1191 |  86.7 |       4 |       4 |  50.0
        D:6 |     432 |       0 |   0.0 |      15 |       0 |   0.0
        D:7 |     891 |     283 |  24.1 |      25 |       1 |   3.8
        D:8 |     298 |       0 |   0.0 |      15 |       0 |   0.0
     Temple |      43 |       0 |   0.0 |       2 |       0 |   0.0
            +---------+---------+-------+---------+---------+-------
